 Dungeon Crawl Stone Soup version 0.23.2-33-g5129a83184 (webtiles) character file.

Game seed: 17302800816080496887

1585 NochnoyZador the Ruffian (level 8, 0/78 HPs)
             Began as a Troll Fighter on Aug 12, 2019.
             Was a Follower of Okawaru.
             Slain by a scorpion (10 damage)
             ... on level 6 of the Dungeon.
             The game lasted 00:20:18 (4974 turns).

NochnoyZador the Ruffian (Troll Fighter)            Turns: 4974, Time: 00:20:18

Health: 0/78       AC:  8    Str: 25    XL:     8   Next: 61%
Magic:  13/17      EV:  9    Int:  4    God:    Okawaru [*.....]
Gold:   348        SH: 10    Dex: 11    Spells: 7/7 levels left

rFire    . . .     SeeInvis .     - Unarmed
rCold    . . .     Gourm    +   b - +1 shield
rNeg     . . .     Faith    .   a - +0 robe
rPois    .         Spirit   .   M - +1 hat
rElec    .         Reflect  .   u - +0 cloak
rCorr    .         Harm     .   (gloves unavailable)
MR       .....                  (boots unavailable)
Stlth    +++.......             (no amulet)
HPRegen  0.63/turn              j - ring of stealth
MPRegen  0.15/turn              I - ring of magical power

@: hasted, studying Shields, very quick
A: large, unfitting armour, claws 3, fast metabolism 3, gourmand, regeneration
1, shaggy fur 1, tough skin 3
a: Heroism, Renounce Religion


You were on level 6 of the Dungeon.
You worshipped Okawaru.
Okawaru was aware of your devotion.
You were completely stuffed.

You visited 2 branches of the dungeon, and saw 8 of its levels.

You collected 348 gold pieces.

Inventory:

Hand Weapons
 f - a +0 giant club
 t - a +3 quarterstaff of chaos
 w - a +2 flail of protection
 y - a +4 mace of venom
Missiles
 g - 102 stones
 k - a steel tomahawk (quivered)
 x - 7 tomahawks
 C - 9 sling bullets
 E - 46 arrows
 J - 34 bolts
Armour
 a - a +0 robe (worn)
 b - a +1 shield (worn)
 u - a +0 cloak (worn)
 M - a +1 hat (worn)
Jewellery
 j - a ring of stealth (left claw)
 I - a ring of magical power (right claw)
Wands
 i - a wand of polymorph (9)
 p - a wand of random effects (16)
 L - a wand of paralysis (9)
Scrolls
 h - 2 scrolls of enchant armour
 m - a scroll of amnesia
 n - 3 scrolls of teleportation {unknown}
 o - 2 scrolls of remove curse
 q - 3 scrolls of blinking
 s - 3 scrolls of fog
 B - a scroll of fear
 G - a scroll of magic mapping {unknown}
Potions
 c - 2 potions of might
 e - a potion of curing
 l - a potion of flight
 r - a potion of berserk rage
 v - 2 potions of agility
 z - a potion of resistance
 A - a potion of cancellation {unknown}
 F - a potion of haste
 H - a potion of magic {unknown}
 K - a potion of degeneration {unknown}
 O - a potion of lignification {unknown}
 P - a potion of heal wounds {unknown}
Books
 D - a manual of Shields
Comestibles
 d - 12 rations
 Q - 23 chunks of flesh


   Skills:
 + Level 3.8 Fighting
 + Level 2.8 Maces & Flails
 + Level 3.8 Dodging
 - Level 2.0 Stealth
 + Level 4.4 Shields
 + Level 6.4 Unarmed Combat
 + Level 1.6 Invocations
 + Level 2.4 Evocations


You had 7 spell levels left.
You didn't know any spells.
Your spell library contained the following spells:

 Spells                   Type           Power        Failure   Level  Hunger
 Beastly Appendage        Tmut           #.....       83%         1    ##.....
 Sticks to Snakes         Tmut           #.......     92%         2    ###....
 Spider Form              Tmut/Pois      #.........   99%         3    ####...
 Ice Form                 Ice/Tmut       #.......     100%        4    #####..
 Blade Hands              Tmut           #.........   100%        5    ######.


Dungeon Overview and Level Annotations

Branches:
Dungeon (7/15)             Temple (1/1) D:5

Altars:
Cheibriados
Elyvilon
Fedhas
Gozag
Hepliaklqana
Kikubaaqudgha
Makhleb
Okawaru
Qazlal
Ru
Trog
Uskayaw
Vehumet
Wu Jian
Xom
Yredelemnul
Zin
Beogh

Annotations:
D:6 Prince Ribbit


Innate Abilities, Weirdness & Mutations

You are too large for most types of armour.
You have claws for hands.
Your metabolism is lightning-fast.
You like to eat raw meat.
Your natural rate of healing is unusually fast.
You are covered in fur. (AC +1)
You have extremely tough skin. (AC +3)


Message History

Prince Ribbit is heavily wounded.
You block the quokka's attack. Prince Ribbit hits you! The scorpion stings you.
* * * LOW HITPOINT WARNING * * *
You are poisoned.
The scorpion poisons you!
You feel sick. You block Prince Ribbit's attack. You block the quokka's attack.
The scorpion stings you but does no damage.
Prince Ribbit catches a centipede with his tongue.
Prince Ribbit hits you!
* * * LOW HITPOINT WARNING * * *
You climb upwards.
You feel sick.
There is a stone staircase leading down here.
You feel better. You block the quokka's attack. Prince Ribbit hits you!
* * * LOW HITPOINT WARNING * * *
You block the scorpion's attack. The quokka closely misses you.
You feel yourself speed up. You block Prince Ribbit's attack.
You block the quokka's attack. The scorpion misses you.
Okay, then.
Prince Ribbit blinks!
The quokka barely misses you. The scorpion stings you!
You die...

##.........#...##.# ###...#####.
........#.##...##.# #.'.......'.
#....#.#...#....#.####.#...#####.
#..........#..#.#.#....#...# ##
#......#......#.#.#....#...#
.....#####....#...#....#####
.............###(......###
#..#...#...[.###.s#.#....#
...#.......[....@>#.#....#
#.##.#.#........r§#.#....#
...#...)..#F......#.#....##
...#......#########.......#
........###### #.......#
##...........# #.......#
......##.....# #....[..#
......##.....######+#..####
..#....'..............##


You could see Prince Ribbit, a scorpion and a quokka.

Vanquished Creatures
  An ice beast (D:6)
  An ogre (D:5)
  4 centaurs
  2 bullfrogs (D:6)
  A scorpion (D:4)
  A wyvern skeleton (D:6)
  2 howler monkeys (D:7)
  A bullfrog zombie (D:3)
  2 jellies
  2 hounds
  3 orc priests
  A bullfrog skeleton (D:5)
  Crazy Yiuf (D:2)
  Jessica (D:3)
  8 orc wizards
  A worker ant (D:3)
  A hound skeleton (D:4)
  3 adders
  3 oozes
  An adder zombie (D:7)
  2 worms (D:3)
  6 leopard geckos
  39 orcs
  4 giant cockroaches
  11 goblins
  10 hobgoblins
  4 kobolds
  4 quokkas
  8 bats
  5 frilled lizards
  A giant cockroach zombie (D:6)
  A quokka skeleton (D:6)
  7 rats
142 creatures vanquished.

Notes
Turn   | Place    | Note
-------+----------+-------------------------------------------
     0 | D:1      | NochnoyZador the Troll Fighter began the quest for the Orb.
     0 | D:1      | Reached XP level 1. HP: 22/22 MP: 0/0
   246 | D:1      | Reached XP level 2. HP: 27/29 MP: 1/1
   293 | D:1      | Reached skill level 3 in Unarmed Combat
   890 | D:2      | Reached XP level 3. HP: 34/36 MP: 2/2
   907 | D:2      | Found an opulent altar of Gozag.
  1137 | D:2      | Reached skill level 4 in Unarmed Combat
  1382 | D:2      | Found a runed translucent door.
  1383 | D:2      | Noticed Crazy Yiuf
  1557 | D:2      | Killed Crazy Yiuf
  1557 | D:2      | Reached XP level 4. HP: 33/44 MP: 3/3
  1815 | D:3      | Reached skill level 5 in Unarmed Combat
  1917 | D:3      | Reached XP level 5. HP: 47/50 MP: 4/4
  2154 | D:3      | Noticed Jessica
  2157 | D:3      | Killed Jessica
  2416 | D:4      | Reached XP level 6. HP: 59/59 MP: 5/5
  2598 | D:4      | Reached skill level 1 in Evocations
  2846 | D:4      | Reached skill level 1 in Maces & Flails
  2846 | D:4      | Reached skill level 1 in Stealth
  2846 | D:4      | Reached XP level 7. HP: 66/66 MP: 6/6
  3199 | D:5      | Entered Level 5 of the Dungeon
  3354 | D:5      | Found a staircase to the Ecumenical Temple.
  3394 | Temple   | Entered the Ecumenical Temple
  3550 | Temple   | Became a worshipper of Warmaster Okawaru
  3892 | D:5      | Reached skill level 6 in Unarmed Combat
  4187 | D:6      | Reached XP level 8. HP: 46/75 MP: 8/8
  4320 | D:6      | Found a hazy altar of Hepliaklqana.
  4418 | D:6      | Found a runed translucent door.
  4424 | D:6      | Reached * piety under Okawaru
  4424 | D:6      | Reached skill level 1 in Invocations
  4847 | D:6      | Found a roughly hewn altar of Beogh.
  4957 | D:7      | Noticed Prince Ribbit
  4974 | D:6      | Slain by a scorpion

Skill      XL: |  1  2  3  4  5  6  7  8 |
---------------+-------------------------+-----
Unarmed Combat | 3 4 5 6 |  6.4
Evocations     | 1 2 |  2.4
Maces & Flails | 1 2 |  2.8
Dodging        | 3 |  3.8
Stealth        | 1 2 |  2.0
Shields        | 3 4 |  4.4
Fighting       | 3 |  3.8
Invocations    | 1 |  1.6

Action                   |  1- 3 |  4- 6 |  7- 9 || total
-------------------------+-------+-------+-------++-------
Melee: Unarmed           |    85 |   136 |   138 ||   359
Throw: Stone             |       |    17 |    14 ||    31
       Tomahawk          |       |       |    16 ||    16
  Use: Scroll            |     3 |       |     9 ||    12
       Potion            |       |       |     2 ||     2
 Stab: Sleeping          |     2 |     6 |     7 ||    15
  Eat: Chunk             |    18 |    14 |    19 ||    51
Armor: Robe              |    22 |    31 |    30 ||    83
Dodge: Dodged            |    13 |    26 |    32 ||    71
Block: Shield            |    43 |    61 |    57 ||   161
